 Dungeon Crawl Stone Soup version 0.26.1-11-gd32895ea62 (webtiles) character file.

Game seed: 2299042845704252752

11804 Goaboa the Spear-Bearer (level 11, -7/92 HPs)
             Began as a Merfolk Gladiator on June 2, 2021.
             Was the Champion of Ru.
             Mangled by a white ugly thing (31 damage)
             ... on level 12 of the Dungeon on June 9, 2021.
             The game lasted 01:15:12 (16434 turns).

Goaboa the Spear-Bearer (Merfolk Gladiator)        Turns: 16434, Time: 01:15:13

Health: -7/92      AC:  6    Str: 20    XL:     11   Next: 83%
Magic:  20/20      EV: 22    Int:  8    God:    Ru [******]
Gold:   528        SH:  4    Dex: 19    Spells: 10/10 levels left

rFire    x . .     SeeInvis .   B - +7 trident (venom)
rCold    x . .     Faith    +   U - +0 buckler
rNeg     . . .     Spirit   .   L - +0 leather armour
rPois    .         Reflect  .   c - +0 helmet
rElec    .         Harm     .   P - scarf {+Inv}
rCorr    .         Rampage  +   t - +0 pair of gloves
Will     .....                  M - +0 pair of boots {rampage}
Stlth    ..........             R - amulet of faith
HPRegen  0.00/turn              r - +6 ring of strength
MPRegen  0.17/turn              x - ring of magical power

@: no status effects
A: change form in water, swift swim, stealthy swim, inhibited regeneration, no
stealth, hated by all, inability to train armour, disrupted magic 1, temperature
sensitive
a: Renounce Religion, Evoke Invisibility, Draw Out Power, Power Leap, Apocalypse


You were on level 12 of the Dungeon.
You worshipped Ru.
Ru was exalted by your worship.
You visited 1 branch of the dungeon, and saw 12 of its levels.
You also visited: Ossuary.

You collected 671 gold pieces.
You spent 143 gold pieces at shops.

Inventory:

Hand Weapons
 v - a +3 falchion
 y - a +4 quarterstaff of chaos
 B - a +7 trident of venom (weapon)
 F - a +2 arbalest of freezing
 I - a +1 falchion of draining
Missiles
 d - 4 throwing nets (quivered)
 i - 36 poisoned darts
Armour
 c - a +0 helmet (worn)
 t - a +0 pair of gloves (worn)
 L - a +0 leather armour (worn)
 M - a +0 pair of boots of rampaging (worn)
 P - a scarf of invisibility (worn)
 U - a +0 buckler (worn)
Jewellery
 b - an uncursed ring of protection from fire
 r - a +6 ring of strength (left hand)
 x - a ring of magical power (right hand)
 H - a +6 ring of intelligence
 Q - an uncursed ring of willpower
 R - an amulet of faith (around neck)
Wands
 l - a wand of digging (6)
 q - a wand of paralysis (7)
 C - a wand of flame (32)
 T - a wand of disintegration (3)
Scrolls
 a - a scroll of silence {unknown}
 e - 7 scrolls of teleportation
 g - a scroll of amnesia {unknown}
 h - 4 scrolls of fear
 j - a scroll of blinking {unknown}
 o - 2 scrolls of noise
 p - 2 scrolls of immolation
 w - 2 scrolls of random uselessness
 D - 3 scrolls of magic mapping
 E - 6 scrolls of fog
 N - 3 scrolls of enchant armour
 O - a scroll of vulnerability {unknown}
 S - 6 scrolls of remove curse
 W - a scroll of acquirement {unknown}
 Y - 2 scrolls of brand weapon
Potions
 f - 3 potions of curing
 k - 2 potions of brilliance {unknown}
 n - 3 potions of flight
 s - 3 potions of might
 u - 2 potions of resistance {unknown}
 z - 3 potions of degeneration
 A - 5 potions of attraction
 G - 3 potions of magic
 J - a potion of ambrosia {unknown}
 K - a potion of cancellation {unknown}
 V - a potion of heal wounds
 X - a potion of haste {unknown}
 Z - a potion of lignification {unknown}


   Skills:
 + Level 10.6 Fighting
 - Level 2.1 Long Blades
 + Level 13.7 Polearms
 - Level 2.0 Throwing
 + Level 12.7 Dodging
 + Level 8.0 Evocations


You had 10 spell levels left.
You didn't know any spells.
Your spell library contained the following spells:

 Spells                   Type           Power        Failure   Level
 Corona                   Hex            0%           73%         1
 Shock                    Conj/Air       0%           73%         1
 Slow                     Hex            0%           85%         2
 Swiftness                Air            0%           85%         2
 Inner Flame              Hex/Fire       0%           97%         3
 Portal Projectile        Hex/Tloc       0%           97%         3
 Static Discharge         Conj/Air       0%           97%         3
 Airstrike                Air            0%           100%        4
 Cause Fear               Hex            0%           100%        4
 Leda's Liquefaction      Hex/Erth       0%           100%        4
 Lightning Bolt           Conj/Air       0%           100%        5
 Silence                  Hex/Air        0%           100%        5
 Yara's Violent Unravell  Hex/Tmut       0%           100%        5
 Discord                  Hex            0%           100%        8
 Summon Small Mammal      Summ           Unusable     N/A         1
 Call Imp                 Summ           Unusable     N/A         2
 Call Canine Familiar     Summ           Unusable     N/A         3
 Summon Guardian Golem    Hex/Summ       Unusable     N/A         3
 Summon Ice Beast         Ice/Summ       Unusable     N/A         4
 Summon Lightning Spire   Summ/Air       Unusable     N/A         4

Dungeon Overview and Level Annotations

Branches:
Dungeon (12/15)            Temple (0/1) D:4            Lair (0/6) D:10
    Orc (0/2) D:12        Ossuary (visited)

Altars:
Ashenzari
Cheibriados
Dithmenos
Elyvilon
Gozag
Hepliaklqana
Kikubaaqudgha
Qazlal
Ru
Sif Muna
Xom
Yredelemnul
The Shining One

Shops:
D:5 !

Portals:
Trove: D:12 (give +7 demon blade)

Annotations:
D:3 3 runed translucent doors, Gerhazo's ghost, weakling DrCj


Innate Abilities, Weirdness & Mutations

You revert to your normal form in water.
You are very nimble and swift while swimming.
You are very stealthy in the water. (Stealth+)
You do not regenerate when monsters are visible.
You cannot be stealthy.
You are hated by all.
You cannot train Armour skill.
Your casting is slightly disrupted.
You are sensitive to extremes of temperature. (rF-, rC-)


Message History

You barely miss the white ugly thing.
The white ugly thing is severely wounded.
You barely miss the white ugly thing.
The white ugly thing is severely wounded.
The white ugly thing is stunned by your conviction and fails to attack.
You puncture the ogre zombie!
The ogre zombie is moderately damaged.
The white ugly thing closely misses you.
The ogre zombie closely misses you.
You impale the ogre zombie!!
The ogre zombie is severely damaged.
You puncture the ogre zombie!
You destroy the ogre zombie!
The white ugly thing gores you! The white ugly thing freezes you!!!
You feel a terrible chill!
Ouch! That really hurt!
The wraith completely misses you. The white ugly thing gores you!
* * * LOW HITPOINT WARNING * * *
The white ugly thing freezes you!!
You feel a terrible chill!
You die...

#......###.... #.
####...###..#.... .#
#......#.##...... .
.##.#..#)#...##....
......# .Z
#.#.....#.##.##....
......#
#u.##.>.#..#)##.##....
......#
.....#..#.#.#.##†..#
......#
#.#.W##))##.####...#
......# .
#@u..#..#....#...#
......#
#...#.#.#..#..####..#
†.....#
.....##..#...##.#..##).#
.....## ####
##.##.##..#####..#
......# ....#..#...#
##.# .......
..####.#.#.# #.. ......#
.#$# #..#..## ##.
......# .##. ###.#..# ##
......#### ## # #####.#
#


You could see a white ugly thing (extremely poisoned) and a wraith.

Vanquished Creatures
  A boulder beetle (D:9)
  Erolcha (D:11)
  A tengu warrior (D:12)
  An unseen horror (D:10)
  Pikel (D:8)
  An ugly thing (D:12)
  A tengu conjurer (D:11)
  A troll (D:11)
  A shadow (D:12)
  7 yaks
  A water moccasin (D:6)
  A soldier ant (D:10)
  3 orc warriors
  2 ice beasts
  2 phantoms (D:12)
  A black bear (D:6)
  A hornet zombie (Ossuary)
  A sky beast (D:5)
  6 ogres
  3 necrophages (D:10)
  8 centaurs
  A lemure (D:8)
  2 big kobolds
  Blork the orc (D:9)
  10 bullfrogs
  3 scorpions
  5 wights
  8 killer bees
  6 howler monkeys
  5 bullfrog zombies
  4 centaur zombies
  Crazy Yiuf (D:3)
  6 orc priests
  A centaur skeleton (D:3)
  5 hounds
  5 jellies
  3 bullfrog skeletons
  An iguana (D:7)
  Natasha (thrice) (D:3)
  8 orc wizards
  6 worker ants
  3 killer bee zombies
  5 ogre zombies (D:12)
  4 hound skeletons
  A howler monkey skeleton (D:5)
  19 mummies (Ossuary)
  Robin (D:3)
  5 gnolls
  5 worker ant zombies (Ossuary)
  A river rat (D:3)
  14 adders
  3 shadow imps
  2 white imps
  An ufetubus (D:5)
  3 adder zombies (Ossuary)
  2 adder skeletons
  3 worms
  2 dart slugs
  4 leopard geckos
  33 orcs
  6 bats
  5 giant cockroaches
  10 hobgoblins
  9 jackals
  12 quokkas
  8 frilled lizards
  12 goblins
  A goblin skeleton (D:12)
  A hobgoblin skeleton (D:12)
  2 hobgoblin zombies (D:12)
  13 kobolds
  A leopard gecko skeleton (D:4)
  An orc skeleton (D:12)
  9 orc zombies (D:12)
  10 rats
340 creatures vanquished.

Vanquished Creatures (others)
  A centaur (D:11)
  An orc (D:11)
  A quokka (D:8)
  2 fungi
  A plant (D:2)
  4 withered plants (Ossuary)
10 creatures vanquished.

Grand Total: 350 creatures vanquished

Notes
Turn   | Place    | Note
-------+----------+-------------------------------------------
     0 | D:1      | Goaboa the Merfolk Gladiator began the quest for the Orb.
     0 | D:1      | Reached XP level 1. HP: 16/16 MP: 1/1
   200 | D:1      | Reached XP level 2. HP: 21/23 MP: 2/2
   677 | D:1      | Reached skill level 5 in Polearms
   677 | D:1      | Reached XP level 3. HP: 26/28 MP: 3/3
  1272 | D:2      | Reached XP level 4. HP: 10/35 MP: 4/4
  1735 | D:2      | Reached skill level 5 in Dodging
  2021 | D:2      | Reached XP level 5. HP: 27/42 MP: 5/5
  2438 | D:2      | Reached skill level 6 in Polearms
  2841 | D:2      | Found a sacrificial altar of Ru.
  2857 | D:2      | Became a worshipper of Ru the Awakened
  3046 | D:3      | Found a snail-covered altar of Cheibriados.
  3387 | D:3      | Found a runed translucent gate.
  3388 | D:3      | Found a runed translucent gate.
  3391 | D:3      | Found a runed translucent gate.
  3392 | D:3      | Noticed Gerhazo's ghost (weakling DrCj)
  3402 | D:3      | Noticed Natasha
  3412 | D:3      | Killed Natasha
  3413 | D:3      | Reached XP level 6. HP: 17/48 MP: 6/6
  3623 | D:3      | Noticed Robin
  3636 | D:3      | Killed Robin
  3868 | D:3      | Gained mutation: Your casting is slightly disrupted. [Ru
                  | sacrifice]
  3929 | D:3      | Noticed Natasha
  3934 | D:3      | Killed Natasha
  3935 | D:3      | Reached skill level 1 in Long Blades
  4565 | D:3      | Noticed Natasha
  4578 | D:3      | Killed Natasha
  4665 | D:3      | Found a runed translucent door.
  4666 | D:3      | Noticed Crazy Yiuf
  4676 | D:3      | Killed Crazy Yiuf
  4677 | D:3      | Reached skill level 7 in Polearms
  4965 | D:4      | Reached XP level 7. HP: 55/55 MP: 7/7
  5015 | D:4      | Found a staircase to the Ecumenical Temple.
  5567 | D:4      | Reached skill level 5 in Fighting
  5786 | D:5      | Entered Level 5 of the Dungeon
  5849 | D:5      | Reached skill level 8 in Polearms
  5911 | D:5      | Reached XP level 8. HP: 45/64 MP: 8/8
  6474 | D:5      | Found Eruexon's Distillery.
  6480 | D:5      | Bought a potion of invisibility for 88 gold pieces
  6480 | D:5      | Bought a potion of heal wounds for 55 gold pieces
  6697 | D:5      | Found a broken altar of Ashenzari.
  6720 | D:5      | Gained mutation: You are hated by all. [Ru sacrifice]
  6720 | D:5      | Reached * piety under Ru
  6720 | D:5      | Reached ** piety under Ru
  6897 | D:5      | Got a smoking bone ring
  6909 | D:5      | Identified the ring "Naazosch" {rC+ Will+ Int+9 Dex-4} (You
                  | found it on level 5 of the Dungeon)
  7616 | D:6      | Reached skill level 9 in Polearms
  7616 | D:6      | Reached skill level 1 in Evocations
  7635 | D:6      | You fall into a shaft and drop 1 floor!
  7813 | D:7      | Found an opulent altar of Gozag.
  7860 | D:6      | Found a white marble altar of Elyvilon.
  8470 | D:6      | Found a basalt altar of Yredelemnul.
  8891 | D:7      | Reached XP level 9. HP: 66/71 MP: 9/9
  9339 | D:8      | Noticed Pikel
  9363 | D:8      | Killed Pikel
  9364 | D:8      | Reached skill level 10 in Polearms
  9498 | D:8      | Gained mutation: You cannot be stealthy. [Ru sacrifice]
  9809 | D:8      | Found a glowing golden altar of the Shining One.
  9877 | D:8      | Found a sand-covered staircase.
  9886 | Ossuary  | Entered an ossuary
  9976 | Ossuary  | Reached skill level 10 in Dodging
 10169 | Ossuary  | Reached skill level 11 in Polearms
 10433 | Ossuary  | Reached XP level 10. HP: 80/80 MP: 10/10
 10643 | D:8      | Reached skill level 5 in Evocations
 11244 | D:8      | Found a hazy altar of Hepliaklqana.
 11245 | D:8      | Found a shimmering altar of Xom.
 11246 | D:8      | Noticed a spectral ugly thing
 11367 | D:8      | Gained mutation: You cannot train Armour skill. [Ru
                  | sacrifice]
 11367 | D:8      | Reached *** piety under Ru
 12189 | D:9      | Noticed a boulder beetle
 12242 | D:9      | Killed a boulder beetle
 12309 | D:9      | Reached skill level 12 in Polearms
 12920 | D:9      | Found a shadowy altar of Dithmenos.
 13065 | D:9      | Noticed Blork the orc
 13078 | D:9      | Killed Blork the orc
 13180 | D:9      | Found a shimmering blue altar of Sif Muna.
 13268 | D:9      | Gained mutation: You are sensitive to extremes of
                  | temperature. (rF-, rC-) [Ru sacrifice]
 13268 | D:9      | Reached **** piety under Ru
 13268 | D:9      | Reached ***** piety under Ru
 13276 | D:9      | Found an ancient bone altar of Kikubaaqudgha.
 13309 | D:10     | Entered Level 10 of the Dungeon
 13398 | D:10     | Reached XP level 11. HP: 89/89 MP: 11/11
 13471 | D:10     | Found a stormy altar of Qazlal.
 13873 | D:10     | Killed an unseen horror
 14149 | D:10     | Found a staircase to the Lair.
 14337 | D:11     | Reached skill level 10 in Fighting
 14343 | D:11     | Reached skill level 13 in Polearms
 14718 | D:11     | Noticed Erolcha
 14736 | D:11     | Killed Erolcha
 14820 | D:11     | Gained mutation: You do not regenerate when monsters are
                  | visible. [Ru sacrifice]
 14820 | D:11     | Reached ****** piety under Ru
 15574 | D:12     | Noticed a green ugly thing
 15601 | D:12     | Killed a green ugly thing
 15957 | D:12     | Found a staircase to the Orcish Mines.
 16181 | D:12     | Found a portal to a secret trove of treasure.
 16245 | D:12     | Noticed a tengu warrior
 16312 | D:12     | Killed a tengu warrior
 16420 | D:12     | Noticed a white ugly thing
 16434 | D:12     | Mangled by a white ugly thing

Illustrated notes

Levels and vault maps discovered:
D:1:      lemuel_arrival_lava_pool, layout_basic, nrook_mini_vaults,
          minmay_misc_feat_tiny
D:2:      layout_basic, nicolae_ru_the_path_less_chosen, minmay_splitting_lines
D:3:      layout_basic, cheibriados_altar_1, gammafunk_ghost_necromancy,
          gup_sewer_entry_spiral, serial_aquarium, aquarium_bridge_long_joined
          [aquarium_subvault_bridge, aquarium_subvault_bridge,
          aquarium_subvault_bridge, aquarium_subvault_wall,
          aquarium_subvault_window, aquarium_subvault_balcony],
          aquarium_window_fake, aquarium_window_1, aquarium_window_1,
          aquarium_window_3, aquarium_view_2b, aquarium_view_2f,
          aquarium_balcony_1b, uniq_robin, uniq_crazy_yiuf_cottage, uniq_natasha
D:4:      layout_cave_pods, minmay_temple_entry_metal_lava,
          corexii_leaking_fountain
D:5:      layout_basic, cheibrodos_ashenzari_chains, serial_shops,
          nicolae_shop_stone
D:6:      layout_gridville, kennysheep_ying_yang
D:7:      layout_basic, kennysheep_mini
D:8:      layout_cave_pods, nicolae_tso_swordbearing_angel,
          regret_index_temple_of_mockery, nicolae_ossuary_entry_plus,
          enter_bailey_2, uniq_pikel
D:9:      layout_irregular_city, nicolae_overflow_hidden_temple, tgw_sif,
          grunt_dithmenos_shadows
D:10:     minmay_razor_zed, layout_loops_ring, lair_entry_dummy, basic_altar
D:11:     layout_stronghold, uniq_erolcha
D:12:     layout_layer_cave, zombieorc1_lemuel, serial_shops, shop,
          nicolae_trove_entry_crystal, minmay_misc_feat_enclosed, kb_rosetta

Skill      XL: |  1  2  3  4  5  6  7  8  9 10 11 |
---------------+----------------------------------+-----
Polearms       | 5 6 7 8 9 11 12 13 | 13.7
Fighting       | 3 4 5 6 8 9 10 | 10.6
Dodging        | 5 6 7 8 10 11 12 | 12.7
Long Blades    | 1 2 |  2.1
Evocations     | 2 4 6 8 |  8.0
Throwing       | |  2.0

Action                   |  1- 3 |  4- 6 |  7- 9 | 10-12 || total
-------------------------+-------+-------+-------+-------++-------
Melee: Trident           |    80 |   258 |   393 |   539 ||  1270
       Long sword        |       |    34 |       |       ||    34
       Quarterstaff      |       |     5 |    22 |       ||    27
       Tailslap          |       |     3 |       |       ||     3
Throw: Throwing net      |       |     1 |       |     1 ||     2
Invok: Sacrifice Essence |       |     1 |       |       ||     1
       Sacrifice Love    |       |       |     1 |       ||     1
       Sacrifice Stealth |       |       |     1 |       ||     1
       Sacrifice Durabil |       |       |       |     1 ||     1
       Sacrifice Resista |       |       |       |     1 ||     1
       Sacrifice Purity  |       |       |       |     1 ||     1
  Use: Potion            |     1 |     1 |     4 |     2 ||     8
       Scroll            |     1 |       |     4 |    19 ||    24
 Stab: Sleeping          |     3 |     6 |     3 |       ||    12
       Distracted        |       |       |     3 |     2 ||     5
       Invisible         |       |       |     7 |     1 ||     8
       Paralysed         |       |       |       |     5 ||     5
Armor: Leather armour    |    12 |    52 |    49 |    38 ||   151
Dodge: Dodged            |    54 |   219 |   249 |   281 ||   803
Block: Buckler           |       |       |       |    14 ||    14
       Rpst.: Long sword |       |    10 |       |       ||    10
